 Dungeon Crawl Stone Soup version 0.25.1-2-g60ff931df9 (webtiles) character file.

Game seed: 9411501966783478700

7910 raphialitos the Blocker (level 11, -6/84 HPs)
             Began as a Formicid Fighter on Oct 22, 2020.
             Was a Believer of Makhleb.
             Killed from afar by a gargoyle (18 damage)
             ... with a stone arrow
             ... on level 10 of the Dungeon on Oct 23, 2020.
             The game lasted 00:29:53 (11000 turns).

raphialitos the Blocker (Formicid Fighter)         Turns: 11000, Time: 00:29:54

Health: -6/84      AC: 13    Str: 25    XL:     11   Next: 46%
Magic:  11/11      EV:  8    Int:  7    God:    Makhleb [**....]
Gold:   550        SH: 21    Dex: 10    Spells: 0/10 levels left

rFire    . . .     SeeInvis +   J - +1 battleaxe (venom)
rCold    + . .     Gourm    .   h - +2 tower shield
rNeg     . . .     Faith    .   K - +1 chain mail of Autumn {+Inv rC+}
rPois    .         Spirit   .   (helmet unavailable)
rElec    .         Reflect  .   M - +0 cloak
rCorr    .         Harm     .   m - +0 pair of gloves
MR       +....                  (no boots)
Stlth    ..........             r - amulet of regeneration
HPRegen  0.64/turn              (no ring)
MPRegen  0.12/turn              (no ring)

@: studying Earth Magic
A: permanent stasis, dig shafts and tunnels, four strong arms, antennae 3
a: Dig, Shaft Self, Minor Destruction, Renounce Religion, Evoke Invisibility


You were on level 10 of the Dungeon.
You worshipped Makhleb.
Makhleb was pleased with you.
You were not hungry.

You visited 2 branches of the dungeon, and saw 11 of its levels.
You also visited: Sewer.

You collected 671 gold pieces.
You spent 121 gold pieces at shops.

Inventory:

Hand Weapons
 a - a +0 shortbow
 C - a +3 halberd
 J - a +1 battleaxe of venom (weapon)
 O - a +1 war axe of freezing
Missiles
 c - 237 arrows
 e - 45 bolts
 p - a boomerang (quivered)
 v - 80 sling bullets
 x - 10 poisoned darts
 N - 43 stones
Armour
 h - a +2 tower shield (worn)
 m - a +0 pair of gloves (worn)
 u - a +0 plate armour
 K - the +1 chain mail of Autumn (worn) {+Inv rC+}
   (You found it on level 8 of the Dungeon)

   It protects you from cold.
   It lets you turn invisible.
 M - a +0 cloak (worn)
Jewellery
 r - an amulet of regeneration (around neck)
 y - an uncursed amulet of faith {unknown}
 z - an uncursed ring of resist corrosion
 D - the ring "Ibink" {+Blink rC+ MR- rCorr Str+4, unknown}
   (You found it on level 7 of the Dungeon)

   [ring of resist corrosion]

   It affects your strength (+4).
   It protects you from cold.
   It affects your resistance to hostile enchantments.
   It lets you blink.
   It provides partial protection from all sources of acid and corrosion.
 E - the ring of Qatouleo {rC++ Str+2 Int-2 Dex+6 SInv, unknown}
   (You found it on level 7 of the Dungeon)

   [ring of dexterity]

   It affects your strength (+2).
   It affects your intelligence (-2).
   It affects your dexterity (+6).
   It greatly protects you from cold.
   It lets you see invisible.
 F - the ring of the Hare {rC+ Stlth+}
   (You took it off an orc priest on level 7 of the Dungeon)

   [ring of stealth]

   It protects you from cold.
   It makes you more stealthy.
 G - the amulet of Wetih {Faith Dex+2, unknown}
   (You found it on level 7 of the Dungeon)

   [amulet of faith]

   It allows you to gain divine favour quickly.
   It affects your dexterity (+2).
 R - the ring of Tagujote {rN+ Dex+6 Slay+2, unknown}
   (You found it on level 9 of the Dungeon)

   [ring of dexterity]

   It affects your dexterity (+6).
   It affects your accuracy and damage with ranged weapons and melee attacks
   (+2).
   It protects you from negative energy.
Wands
 i - a wand of enslavement (13)
 I - a wand of flame (9)
 P - a wand of digging (5)
 S - a wand of acid (12)
Scrolls
 b - 5 scrolls of identify
 n - 4 scrolls of remove curse
 q - a scroll of magic mapping
 w - a scroll of fog
 B - 3 scrolls of amnesia
 U - a scroll of enchant weapon
Potions
 d - 3 potions of might
 g - 3 potions of flight
 j - 4 potions of lignification
 k - 4 potions of degeneration
 l - 7 potions of mutation
 o - 5 potions of curing
 t - 4 potions of stabbing
 A - 2 potions of cancellation {unknown}
 H - a potion of brilliance {unknown}
 L - a potion of invisibility
Books
 s - a manual of Earth Magic
Miscellaneous
 Q - a phial of floods
Comestibles
 f - 11 rations
 T - 3 chunks of flesh


   Skills:
 + Level 7.1 Fighting
 + Level 4.7(6.2) Axes
 + Level 6.2(8.5) Polearms
   Level 7.4(8.5) Staves
 + Level 1.1 Bows
 + Level 1.7 Throwing
 + Level 6.4 Armour
 + Level 2.0 Dodging
 + Level 1.5 Stealth
 + Level 12.2 Shields


You couldn't memorise any spells.
You knew the following spells:

 Your Spells              Type           Power        Failure   Level  Hunger
a - Sandblast             Erth           #.....       99%         1    ##.....
b - Passwall              Tmut/Erth      #.......     100%        2    ###....
c - Stone Arrow           Conj/Erth      #.....       100%        3    ####...
d - Petrify               Tmut/Erth      #.......     100%        4    #####..

Your spell library contained the following spells:

 Spells                   Type           Power        Failure   Level  Hunger
 Beastly Appendage        Tmut           #.....       99%         1    ##.....
 Sticks to Snakes         Tmut           #.......     100%        2    ###....
 Spider Form              Tmut/Pois      #.........   100%        3    ####...
 Ice Form                 Ice/Tmut       #.......     100%        4    #####..
 Blade Hands              Tmut           #.........   100%        5    ######.
 Lee's Rapid Deconstruct  Erth           #.........   100%        5    ######.


Dungeon Overview and Level Annotations

Branches:
Dungeon (10/15)            Temple (1/1) D:7            Lair (0/6) D:8
  Sewer (visited)
    Orc: D:9-12

Altars:
Ashenzari
Cheibriados
Dithmenos
Elyvilon
Fedhas
Gozag
Hepliaklqana
Kikubaaqudgha
Makhleb
Nemelex Xobeh
Okawaru
Qazlal
Ru
Sif Muna
Trog
Uskayaw
Vehumet
Wu Jian
Xom
Yredelemnul
Zin
The Shining One

Shops:
D:6 ?   D:8 *


Innate Abilities, Weirdness & Mutations

You cannot be hasted, slowed, berserked, paralysed or teleported.
You can dig through walls and to a lower floor.
Your four strong arms can wield two-handed weapons with a shield.
You have a pair of large antennae on your head. (SInv)


Message History

The gargoyle hurls a stone arrow at you.
The stone arrow hits you!!
You barely miss the gargoyle.
The gargoyle is moderately damaged.
The gargoyle hurls a stone arrow at you.
You block the stone arrow.
The gargoyle hurls a stone arrow at you.
The stone arrow hits you!
* * * LOW HITPOINT WARNING * * *
You feel better. The gargoyle completely misses you.
You hit the gargoyle but do no damage.
The gargoyle is moderately damaged.
The gargoyle hits you with a +0 mace!
* * * LOW HITPOINT WARNING * * *
Okay, then.
As you read the scroll of fog, it crumbles to dust.
The scroll dissolves into smoke.
The gargoyle hurls a stone arrow at you.
The stone arrow hits you!!
You die...

## #.# ####.# ..#
......# #..# #..
#...)..####..# #...
###.....#...# #...#
#...........# ...#
.......÷...# ##..#
.######....#######...#
#..#÷..§§@9§...#
##..##...§§§...## ##
##.##...#####...# ##..
#......#######..####....
#####..................
###...#..........#
########......##
##.....# ##....#


You could see a gargoyle.

Vanquished Creatures
  Pikel (D:8)
  Maurice (D:8)
  2 trolls
  A hornet (D:7)
  3 hippogriffs
  A wyvern (D:10)
  2 hungry ghosts
  Grum (D:8)
  2 steam dragons
  Menkaure (D:6)
  A water moccasin (D:6)
  2 orc warriors
  2 black bears (D:8)
  An ice beast (D:7)
  5 sky beasts
  4 ogres
  A phantom (D:5)
  4 wolves (D:8)
  8 centaurs
  A crocodile (Sewer)
  3 big kobolds
  7 bullfrogs
  2 scorpions
  9 wights
  4 howler monkeys
  4 crimson imps
  A centaur zombie (D:6)
  2 gnoll shamans
  A bullfrog zombie (D:9)
  2 jellies
  5 hounds
  6 orc priests
  3 iguanas
  7 orc wizards
  A bullfrog skeleton (D:10)
  2 worker ants
  A hound zombie (D:7)
  A hound skeleton (D:4)
  2 worker ant zombies
  4 gnolls (D:9)
  14 adders
  A shadow imp (D:5)
  10 oozes
  2 adder zombies
  2 dart slugs
  4 worms
  9 leopard geckos
  26 orcs
  2 giant cockroaches
  8 hobgoblins
  7 jackals
  21 kobolds
  A quokka (D:7)
  A ball python (D:1)
  14 bats
  10 frilled lizards
  A giant cockroach zombie (D:5)
  7 goblins
  A jackal skeleton (D:7)
  2 quokka skeletons
  6 rats
  2 plants (D:8)
262 creatures vanquished.

Vanquished Creatures (others)
  A slave (D:8)
  A phantom (D:8)
  A fungus (D:8)
3 creatures vanquished.

Grand Total: 265 creatures vanquished

Notes
Turn   | Place    | Note
-------+----------+-------------------------------------------
     0 | D:1      | raphialitos the Formicid Fighter began the quest for the
                  | Orb.
     0 | D:1      | Reached XP level 1. HP: 18/18 MP: 1/1
     0 | D:1      | Noticed a jelly
     1 | D:1      | Found a runed translucent door.
   208 | D:1      | Reached XP level 2. HP: 24/24 MP: 2/2
   534 | D:1      | Reached XP level 3. HP: 30/30 MP: 3/3
   539 | D:1      | Reached skill level 4 in Shields
   886 | D:1      | Reached XP level 4. HP: 29/37 MP: 4/4
   911 | D:1      | Reached skill level 1 in Stealth
   913 | D:1      | Reached XP level 5. HP: 27/42 MP: 5/5
   931 | D:1      | HP: 2/42 [worm (5)]
  1242 | D:2      | Found a shimmering altar of Xom.
  2884 | D:3      | Reached skill level 1 in Dodging
  2887 | D:3      | Reached skill level 5 in Shields
  2893 | D:3      | Reached XP level 6. HP: 45/48 MP: 6/6
  3160 | D:4      | Found a glowing drain.
  3209 | Sewer    | Entered a sewer
  3636 | D:4      | Reached XP level 7. HP: 55/55 MP: 7/7
  3763 | D:4      | Found a hazy altar of Hepliaklqana.
  3838 | D:4      | Found a bloodstained altar of Trog.
  4123 | D:4      | Reached skill level 6 in Shields
  4410 | D:5      | Entered Level 5 of the Dungeon
  4571 | D:5      | Reached skill level 5 in Staves
  4577 | D:5      | Reached XP level 8. HP: 25/61 MP: 8/8
  4701 | D:5      | Reached skill level 5 in Fighting
  4896 | D:5      | Reached skill level 7 in Shields
  5242 | D:6      | Noticed Menkaure
  5268 | D:6      | Killed Menkaure
  5509 | D:6      | Reached skill level 5 in Armour
  5596 | D:6      | Found a basalt altar of Yredelemnul.
  5915 | D:6      | Found Noir Awn's Magic Scroll Shoppe.
  6255 | D:7      | Reached XP level 9. HP: 68/68 MP: 9/9
  6324 | D:7      | Reached skill level 8 in Shields
  6695 | D:7      | Reached skill level 9 in Shields
  6723 | D:7      | Found an ancient bone altar of Kikubaaqudgha.
  6730 | D:7      | Found a sparkling altar of Nemelex Xobeh.
  6738 | D:7      | Found a radiant altar of Vehumet.
  6739 | D:7      | Found a sacrificial altar of Ru.
  6740 | D:7      | Found a shadowy altar of Dithmenos.
  6741 | D:7      | Found an iron altar of Okawaru.
  6872 | D:7      | Found a staircase to the Ecumenical Temple.
  6945 | D:7      | Reached skill level 1 in Polearms
  6949 | D:7      | Found a burning altar of Makhleb.
  7232 | D:7      | Found a runed translucent door.
  7233 | D:7      | Noticed a troll
  7325 | D:7      | Reached skill level 10 in Shields
  7337 | D:7      | Reached XP level 10. HP: 74/76 MP: 10/10
  7348 | D:7      | Got a bound marble ring
  7381 | D:7      | Got a scintillating silver ring
  7389 | D:7      | Identified the ring of the Hare {rC+ Stlth+}
  7421 | D:7      | Got a brightly glowing silver amulet
  7614 | Temple   | Entered the Ecumenical Temple
  8407 | D:7      | Became a worshipper of Makhleb the Destroyer
  8538 | D:7      | Reached skill level 5 in Polearms
  8691 | D:8      | Noticed Pikel
  8879 | D:8      | Noticed Grum
  8905 | D:8      | Killed Grum
  8920 | D:8      | Reached skill level 11 in Shields
  8967 | D:8      | Noticed Maurice
  8971 | D:8      | Found a staircase to the Lair.
  8983 | D:8      | Reached skill level 1 in Throwing
  9021 | D:8      | Killed Maurice
  9084 | D:8      | Found a shattered altar of Ashenzari.
  9084 | D:8      | Found a glowing golden altar of the Shining One.
  9145 | D:8      | Reached * piety under Makhleb
  9286 | D:8      | Reached XP level 11. HP: 65/83 MP: 11/11
  9358 | D:8      | Reached skill level 1 in Bows
  9421 | D:8      | Reached skill level 1 in Axes
  9429 | D:8      | Got a polished chain mail
  9439 | D:8      | Identified the +1 chain mail of Autumn {+Inv rC+} (You
                  | found it on level 8 of the Dungeon)
  9557 | D:8      | Found Gumytz's General Store.
  9580 | D:8      | Bought a potion of invisibility for 88 gold pieces
  9580 | D:8      | Bought a potion of curing for 33 gold pieces
  9629 | D:8      | Killed Pikel
  9629 | D:8      | Reached skill level 12 in Shields
 10061 | D:9      | Reached ** piety under Makhleb
 10443 | D:9      | Got a scorched amber ring
 10548 | D:9      | Learned a level 1 spell: Sandblast
 10551 | D:9      | Learned a level 2 spell: Passwall
 10555 | D:9      | Learned a level 3 spell: Stone Arrow
 10560 | D:9      | Learned a level 4 spell: Petrify
 10734 | D:10     | Entered Level 10 of the Dungeon
 11000 | D:10     | Killed from afar by a gargoyle

Illustrated notes

Levels and vault maps discovered:
D:1:      dpeg_arrival_caged_fury, layout_loops_ring, due_unseen_surprise
D:2:      layout_basic, xom_butterflies
D:3:      layout_loops_corners, first_ration
D:4:      layout_loops_ring, lemuel_doored_altar, kennysheep_mini_moat,
          cheibrodos_sewer_entry_drain
D:5:      layout_basic
D:6:      layout_cave_pods, nicolae_overflow_hidden_temple, serial_shops,
          nicolae_shop_crystal, chequers_serial_rivers_micro_a, eino_curves_01,
          kennysheep_boxes, uniq_menkaure
D:7:      minmay_the_grid_triangle_9x9_rhombus_full
          [minmay_the_grid_triangle_9x9_dagger,
          minmay_the_grid_triangle_9x9_subtriangle,
          minmay_the_grid_triangle_9x9_negative_grid,
          minmay_the_grid_triangle_9x9_sparse_checkered,
          minmay_the_grid_triangle_9x9_semitri,
          minmay_the_grid_triangle_9x9_wacky_v,
          minmay_the_grid_triangle_9x9_thin_v,
          minmay_the_grid_triangle_9x9_prize_special], layout_basic, minitemple,
          makhleb_heckhound_becter, minmay_temple_entry_enclosed_plants
D:8:      layout_loops_ring, gammafunk_temple_overflow_wave, dpeg_oklobed_lair,
          serial_shops, shop_statue, minmay_manual_mullet, uniq_maurice,
          uniq_pikel, uniq_grum
D:9:      layout_roguey
D:10:     layout_layer_cave
Temple:   compressed_dpeg_triangle_lava_temple

Skill      XL: |  1  2  3  4  5  6  7  8  9 10 11 |
---------------+----------------------------------+-----
Shields        | 4 5 6 7 10 11 12 | 12.2
Fighting       | 4 5 6 7 |  7.1
Staves         | 3 4 5 6 7 |  7.4
Stealth        | 1 |  1.5
Dodging        | 1 2 |  2.0
Armour         | 4 5 6 |  6.4
Polearms       | 3 6 |  6.2
Throwing       | 1 |  1.7
Bows           | 1 |  1.1
Axes           | 4 |  4.7

Action                   |  1- 3 |  4- 6 |  7- 9 | 10-12 || total
-------------------------+-------+-------+-------+-------++-------
Melee: Quarterstaff      |    59 |   241 |   283 |       ||   583
       Halberd           |       |       |   107 |   198 ||   305
       Battleaxe         |       |       |       |   237 ||   237
 Fire: Shortbow          |       |       |       |    10 ||    10
Throw: Dart              |       |       |     5 |       ||     5
       Boomerang         |       |       |     3 |     9 ||    12
       Throwing net      |       |       |     1 |     1 ||     2
 Abil: Dig               |       |       |     1 |       ||     1
  Use: Scroll            |     6 |     5 |     8 |     1 ||    20
       Potion            |       |       |     2 |     1 ||     3
  Eat: Chunk             |       |     9 |    13 |    13 ||    35
       Ration            |       |       |       |     1 ||     1
Armor: Scale mail        |    26 |    50 |       |       ||    76
       Plate armour      |       |    78 |   142 |    74 ||   294
       Chain mail        |       |       |       |    56 ||    56
Dodge: Dodged            |    10 |    47 |    47 |    84 ||   188
Block: Kite shield       |    10 |       |       |       ||    10
       Tower shield      |    39 |   280 |   456 |   478 ||  1253
